AoeStats
← Ignos

Arena

504777930Analyzed
1v1 RM · 25d ago on Sep 6, 2026· 44m 6s· 2 players
Game mode
Random Map
Map size
Tiny (2 player)
Population
200
Speed
Normal
Resources
Standard
Victory
Conquest
Starting age
Dark Age
Ending age
Imperial Age
RankedLock teamsTeams togetherTeam positionsShared explorationLock speedFull tech treeHidden civsTurbo modeCheats
Victory
Defeat
🇺🇸 Japanese · United States
619
+16
🇪🇸 Franks · Spain
611
-16
Ignos
9:37 Loom
11:32 Feudal Age
14:36 Wheelbarrow
14:04 Double-Bit Axe
14:00 Man-at-Arms
21:17 Castle Age
20:23 Forging
22:14 Long Swordsman
joshua63775
12:04 Feudal Age
10:20 Loom
16:57 Castle Age
14:52 Double-Bit Axe
17:10 Horse Collar
18:35 Gold Mining
18:55 Scale Mail Armor
19:33 Town Watch
25:58 Chain Mail Armor
27:03 Wheelbarrow
35:44 Imperial Age
34:21 Fletching
34:32 Padded Archer Armor
35:11 Murder Holes
35:37 Ballistics
35:32 Stone Mining
36:18 Gold Shaft Mining
36:25 Bodkin Arrow
36:46 Leather Archer Armor
37:06 Plate Mail Armor
36:47 Thumb Ring
36:02 Crossbowman
38:55 Heavy Plow
39:07 Bow Saw
41:10 Arbalester
42:32 Kataparuto
42:53 Hand Cart
42:35 Elite Samurai
Connection lost

Rejoining the realm…

Still unreachable

The connection could not be restored.

Session expired

The server has moved on; the page needs a fresh start.